 Seeded DCSS version 0.29-a0-802-g34511f41fd (webtiles) character file.

Game seed: 1570133099386417921 (custom seed)

236 blackman the Shooter (level 6, -3/47 HPs)
             Began as a Human Delver on July 3, 2022.
             Was an Initiate of Ashenzari.
             Slain by a gnoll
             ... wielding a +0 flail
              (10 damage)
             ... on level 5 of the Dungeon.
             The game lasted 00:01:53 (971 turns).

blackman the Shooter (Human Delver)                  Turns: 971, Time: 00:01:53

Health: -3/47      AC:  3    Str: 15    XL:     6   Next: 27%
Magic:  6/6        EV: 12    Int: 10    God:    Ashenzari [......]
Gold:   0          SH:  0    Dex: 14    Spells: 5/5 levels left

rFire   . . .      SeeInvis .   a - +0 hand axe
rCold   . . .      Faith    .   (no shield)
rNeg    . . .      Spirit   .   b - +0 leather armour
rPois   .          Reflect  .   (no helmet)
rElec   .          Harm     .   (no cloak)
rCorr   .          Rampage  .   (no gloves)
Will    .....                   (no boots)
Stlth   +++.......              (no amulet)
HPRegen 0.15/turn               (no ring)
MPRegen 0.10/turn               (no ring)

@: no status effects
A: no striking features
a: Renounce Religion


You were on level 5 of the Dungeon.
You worshipped Ashenzari.
Ashenzari was noncommittal.
You visited 2 branches of the dungeon, and saw 2 of its levels.

Inventory:

Hand Weapons
 a - a +0 hand axe (weapon)
Armour
 b - a +0 leather armour (worn)
Wands
 g - a wand of digging (3)
Scrolls
 c - a scroll of fog
 d - a scroll of magic mapping


   Skills:
 - Level 3.0 Fighting
 - Level 2.0 Axes
 * Level 5.7 Ranged Weapons
 - Level 2.0 Dodging
 - Level 5.0 Stealth


You had 5 spell levels left.
You didn't know any spells.
Your spell library was empty.

Dungeon Overview and Level Annotations

Branches:
Dungeon (5/15)             Temple (1/1) D:5

Altars:
Ashenzari
Cheibriados
Dithmenos
Elyvilon
Hepliaklqana
Kikubaaqudgha
Makhleb
Nemelex Xobeh
Qazlal
Ru
Sif Muna
Trog
Vehumet
Wu Jian
Xom
Yredelemnul
Zin
The Shining One

Annotations:
Temple 2 transporters


Message History

You start waiting.
Done waiting.
You start waiting.
Done waiting.
You climb upwards.
The gnoll shouts!
You hear a shout! x2
There is a staircase to the Ecumenical Temple, spattered with blood here.
You enter the shallow water.
Moving in this stuff is going to be slow.
A gnoll bouda comes into view. It is wielding a +0 whip.
The gnoll bouda barks out a call to the hunt!
The gnolls pick up the pace!
The gnoll splashes around in the water.
The orc wizard casts a spell at you. You resist with some effort.
A gnoll comes into view. It is wielding a +0 club.
The gnoll shouts!
You hear a shout!
You hear an angry growl.
You hear a shout!
A gnoll comes into view. It is wielding a +0 whip.
The gnoll hits you with a +0 spear.
The gnoll bouda barks out a call to the hunt!
A gnoll comes into view. It is wielding a +0 club.
The gnoll shouts!
You hear a bark!
A gnoll comes into view. It is wielding a +0 club.
The gnoll barely misses you. The gnoll hits you but does no damage.
The gnoll barely misses you. The gnoll closely misses you.
The gnoll splashes around in the water.
The gnoll closely misses you. The gnoll completely misses you.
The gnoll barely misses you. The gnoll hits you with a +0 club.
The gnoll splashes around in the water.
A hound comes into view.
The gnoll hits you from afar with a +0 halberd.
The gnoll hits you with a +0 club. Why would you want to do that?
The gnoll hits you with a +0 club. The gnoll hits you with a +0 whip!
The gnoll hits you with a +0 club. The gnoll hits you but does no damage.
The gnoll attacks as you move away! The gnoll closely misses you.
The gnoll attacks as you move away! The gnoll hits you with a +0 flail!
* * * LOW HITPOINT WARNING * * *
The gnoll closely misses you. The gnoll hits you with a +0 flail!
You die...

.......o≈≈≈≈≈.....
..........≈≈≈≈≈≈≈≈≈...
........≈≈≈≈≈≈≈≈≈≈≈≈≈.
#.....≈≈≈≈≈≈...≈≈≈≈≈≈
....o≈≈≈≈≈≈.>.≈≈≈≈≈≈..
.....≈≈≈≈≈≈...≈≈≈≈≈≈..
#..≈≈≈≈≈≈≈≈≈≈≈≈≈≈≈..
#...≈≈≈≈≈≈≈≈≈≈≈≈≈...
#..#..@g.≈g≈≈≈≈≈≈≈.....
#.....gggg.≈≈≈≈≈.......
......h..g..............
.......h.g..............
........................
......................#.
........##.####°####..#.
..#.#......# #○# #..#.
#.#.###..# #.# #..#.


You could see a black bear, a gnoll bouda, a hound, an orc wizard and 7 gnolls.

Vanquished Creatures
  A water moccasin (D:5)
  A phantom (D:5)
  A scorpion (D:5)
3 creatures vanquished.

Notes
Turn   | Place    | Note
-------+----------+-------------------------------------------
     0 | D:5      | blackman the Human Delver began the quest for the Orb.
     0 | D:5      | Reached XP level 1. HP: 18/18 MP: 1/1
    12 | D:5      | Found a staircase to the Ecumenical Temple.
    18 | D:5      | Noticed a water moccasin
    19 | D:5      | Noticed a phantom
    25 | D:5      | Noticed a scorpion
    26 | D:5      | Killed a phantom
    27 | D:5      | Reached XP level 2. HP: 24/24 MP: 2/2
    27 | D:5      | Reached XP level 3. HP: 29/29 MP: 3/3
    27 | D:5      | Reached XP level 4. HP: 35/35 MP: 4/4
    30 | D:5      | Killed a scorpion
    30 | D:5      | Killed a water moccasin
    31 | D:5      | Reached skill level 5 in Ranged Weapons
    31 | D:5      | Reached XP level 5. HP: 24/41 MP: 5/5
    31 | D:5      | Reached XP level 6. HP: 27/47 MP: 6/6
    32 | D:5      | Noticed a black bear
    41 | Temple   | Entered the Ecumenical Temple
    41 | Temple   | Found a transporter.
    41 | Temple   | Found a transporter.
   339 | Temple   | Found a transporter.
   339 | Temple   | Found a transporter.
   355 | Temple   | Became a worshipper of Ashenzari the Shackled
   971 | D:5      | Slain by a gnoll

Illustrated notes

Levels and vault maps discovered:
D:5:      layout_basic, temple_pool_b, lemuel_flamethrower_2
Temple:   hellmonk_temple_divided_pantheon

Skill      XL: |  1  2  3  4 |
---------------+-------------+-----
Ranged Weapons | 3 5 |  5.7
Fighting       | |  3.0
Axes           | |  2.0
Dodging        | |  2.0
Stealth        | |  5.0

Action                   |  1- 3 |  4- 6 || total
-------------------------+-------+-------++-------
Melee: Hand axe          |       |    10 ||    10
Evoke: Wand              |     6 |     3 ||     9
  Use: Scroll            |       |     1 ||     1
       Potion            |       |     1 ||     1
Armor: Leather armour    |     1 |     9 ||    10
Dodge: Dodged            |     1 |    22 ||    23

Table legend: (Time is in decaauts)
 A = Elapsed time spent in this place.
 B = Non-inter-level travel time spent in this place.
 C = Inter-level travel time spent in this place.
 D = Time resting spent in this place.
 E = Time spent auto-exploring this place.
 F = Levels seen in this place.
 G = Mean time per level.
                   A        B        C        D        E       F      G
               +--------+--------+--------+--------+--------+-----+--------+
         Total |    959 |    917 |     42 |    847 |      0 |   2 |  479.5 |
       Dungeon |     73 |     63 |     10 |      2 |      0 |   1 |   73.0 |
        Temple |    886 |    854 |     32 |    845 |      0 |   1 |  886.0 |
               +--------+--------+--------+--------+--------+-----+--------+

Top non-repeatable levels by time:
  Temple: 886 daAuts
     D:5: 73 daAuts
